 Dungeon Crawl Stone Soup version 0.15.1-1-gfacfea3 (webtiles) character file.

3801 Kashira the Geomancer (level 9, -2/39 HPs)
             Began as a Felid Earth Elementalist on Sept 20, 2014.
             Was a Priest of Vehumet.
             Slain by a blue devil (19 damage)
             ... on Level 1 of the Orcish Mines.
             The game lasted 01:21:42 (16532 turns).

Kashira the Geomancer (Felid Earth Elementalist)   Turns: 16532, Time: 01:21:42

HP  -2/39        AC  2     Str 12      XL: 9   Next: 96%
MP  21/28        EV 19     Int 16      God: Vehumet [***...]
Gold 443         SH  0     Dex 18      Spells:  6 memorised, 11 levels left
Lives: 0, deaths: 3

rFire  . . .     SeeInvis +       - Unarmed
rCold  + + .     Clarity  .     (armour unavailable)
rNeg   . . .     rCorr    .     (shield unavailable)
rPois  .         rRot     .     (helmet unavailable)
rElec  .         Spirit   .     (cloak unavailable)
SustAb .         Warding  .     (gloves unavailable)
rMut   .         Stasis   .     (boots unavailable)
Gourm  .                        (no amulet)
MR     +....                    J - ring of protection from cold
                                E - ring of protection from cold

@: mighty, quick, somewhat resistant to hostile enchantments, fairly stealthy
A: paw claws, no armour, no weapons or thrown items, fangs 3, see invisible,
carnivore 3, speed 1, shaggy fur 2, slow metabolism 1, jump 2
a: Jump Attack, Renounce Religion


You were on level 1 of the Orcish Mines.
You worshipped Vehumet.
Vehumet was most pleased with you.
You were not hungry.

You visited 3 branches of the dungeon, and saw 12 of its levels.
You also visited: Ice Cave.

You collected 443 gold pieces.

Inventory:

Missiles
 j - 197 stones
Magical devices
 r - a wand of teleportation (3)
 t - a wand of polymorph (17)
 v - a wand of random effects (16)
 w - a wand of confusion (3)
 B - a wand of enslavement (0)
Comestibles
 a - 2 meat rations
 h - 3 beef jerkies
 m - a royal jelly
 C - 8 slices of pizza
Scrolls
 f - a scroll of blinking {unknown}
 i - 3 scrolls of amnesia
 o - a scroll of immolation {unknown}
 q - a scroll of teleportation
 s - a scroll of remove curse
 u - a scroll of enchant weapon {unknown}
 y - a scroll of enchant armour {unknown}
 z - 2 scrolls of fog {unknown}
 H - a scroll of recharging {unknown}
Jewellery
 l - a +6 ring of intelligence
 E - a ring of protection from cold (left paw)
 F - an uncursed ring of magical power
 J - a ring of protection from cold (right paw)
Potions
 g - a potion of resistance
 k - a potion of lignification {unknown}
 n - a potion of agility {unknown}
 p - a potion of brilliance {unknown}
 x - a potion of cancellation
 D - a potion of might
Books
 d - a book of Geomancy

   Spells                             Type                      Level
   *Sandblast                         Earth                        1
   *Stoneskin                         Transmutation/Earth          2
   *Passwall                          Transmutation/Earth          3
   *Stone Arrow                       Conjuration/Earth            3
   Petrify                            Transmutation/Earth          4
   *Lee's Rapid Deconstruction        Earth                        5
Miscellaneous
 I - a stone of tremors (inert)


   Skills:
 * Level 4.4 Fighting
 + Level 3.6 Dodging
 - Level 2.8 Stealth
 * Level 4.5 Unarmed Combat
 + Level 9.0 Spellcasting
 - Level 3.0 Conjurations
 + Level 2.1 Transmutations
 * Level 11.9 Earth Magic
 + Level 1.0 Evocations


You had 11 spell levels left.
You knew the following spells:

 Your Spells              Type           Power        Failure   Level  Hunger
a - Sandblast             Erth           #####.       1%          1    None
b - Stone Arrow           Conj/Erth      ####..       1%          3    #......
c - Stoneskin             Trmt/Erth      ####....     1%          2    None
d - Passwall              Trmt/Erth      ####......   1%          3    #......
e - Lee's Rapid Deconstr  Erth           #####.....   1%          5    #####..
f - Shock                 Conj/Air       ##..         2%          1    None


Dungeon Overview and Level Annotations

Branches:
Dungeon (10/15)            Temple (1/1) D:6             Orc (1/4) D:10
   Lair (0/8) D:8

Altars:
Ashenzari
Cheibriados
Dithmenos
Elyvilon
Fedhas
Kikubaaqudgha
Makhleb
Nemelex Xobeh
Okawaru
Qazlal
Sif Muna
Trog
Vehumet
Xom
Yredelemnul
Zin
The Shining One

Shops:
D:7 *(([=   Orc:1 (

Annotations:
D:6 mess' ghost, experienced GrBe


Innate Abilities, Weirdness & Mutations

You cannot wear armour.
You are incapable of wielding weapons or throwing items.
Your paws have sharp claws.
You have razor-sharp teeth.
You have supernaturally acute eyesight.
You are carnivorous and can eat meat at any time.
You cover ground quickly.
You are covered in thick fur (AC +2).
You have a slow metabolism.
You can jump attack at a medium distance.


Message History

Read which item? (? for menu, Esc to quit)
Okay, then.
You are too injured to fight recklessly!
Drink which item? (? for menu, Esc to quit)
You feel better. The blue devil barely misses you.
Drink which item? (? for menu, Esc to quit)
You feel better. The blue devil completely misses you.
You claw the blue devil!
The blue devil is almost dead.
The blue devil completely misses you.
You barely miss the blue devil.
The blue devil is almost dead.
Your surroundings suddenly seem different.
There is an ice covered gate leading back out of here here.
The blue devil closely misses you.
Welcome back to the Orcish Mines!
There is a collapsed entrance here.
The blue devil swoops through the air toward you!
The blue devil hits you!!
You die...

**,,.......#.*,*,,
**,...∩.∩.#.#.*,,
########........#8#..
#.........∩.∩........
#...................#
#........#......#....
#..........#.....$...
#.....##.......>.....
#...@...#...)....)..#
##.#.4.........)<)[[.
#####..#.....(......
###.............
**#....#.#.....#.
**,##.##...#....#*
*,,,##*##.###....#
**,,*,**#.#*#...##
*,,,,,*...*...##


You could see a blue devil.

Vanquished Creatures
  Pikel (D:8)
  A hill giant (D:10)
  A moth of wrath (D:6)
  3 trolls
  A two-headed ogre (D:9)
  2 wyverns
  6 yaks
  A human (D:7)
  A hungry ghost (D:7)
  Eustachio (D:5)
  Grum (D:8)
  3 wolves (D:8)
  2 deep elf fighters (D:5)
  3 hippogriffs
  The ghost of stonage the Shield-Bearer, an average GrFi (D:4)
  A warg (D:10)
  2 orc warriors
  A water moccasin (D:8)
  A black bear (D:10)
  2 phantoms
  3 sky beasts
  11 ice beasts
  3 ogres
  2 centaurs
  A necrophage (D:8)
  3 giant frogs
  Blork the orc (D:5)
  2 gnoll sergeants
  4 scorpions
  2 eyes of draining
  6 jellies
  A troll zombie (D:10)
  A hippogriff skeleton (D:10)
  3 electric eels (D:10)
  5 hounds
  A gnoll shaman (D:4)
  3 goliath beetles (D:7)
  4 crimson imps
  3 iguanas
  A quasit (D:10)
  8 orc priests
  A giant frog skeleton (D:4)
  8 orc wizards
  A two-headed ogre skeleton (D:6)
  9 worker ants
  3 sheep (D:7)
  Ijyb (D:6)
  22 gnolls
  2 green rats (D:8)
  8 adders
  2 orc zombies
  3 giant mites
  3 worms
  A shadow imp (D:5)
  An ufetubus (D:5)
  5 giant geckos
  40 orcs
  2 ball pythons
  A bat skeleton (D:4)
  A bat zombie (D:5)
  6 giant cockroaches
  20 hobgoblins
  19 kobolds
  18 bats
  3 giant newts
  13 goblins
  7 jackals
  A jackal skeleton (D:4)
  An orc skeleton (D:10)
  A quokka skeleton (D:9)
  17 rats
  2 rat zombies (D:8)
325 creatures vanquished.

Vanquished Creatures (collateral kills)
  A green rat (D:8)
  A rat (D:8)
2 creatures vanquished.

Vanquished Creatures (others)
  A hill giant zombie (D:8)
  A water moccasin (D:8)
  3 slaves (D:8)
  A human (D:2)
  An earth elemental (IceCv)
  A bat (D:8)
  A fungus (D:8)
  A plant (D:8)
10 creatures vanquished.

Grand Total: 337 creatures vanquished

Notes
Turn   | Place    | Note
--------------------------------------------------------------
     0 | D:1      | Kashira, the Felid Earth Elementalist, began the quest for the Orb.
     0 | D:1      | Reached XP level 1. HP: 7/7 MP: 4/4
   257 | D:1      | Reached skill level 3 in Earth Magic
   340 | D:1      | Reached XP level 2. HP: 4/11 MP: 0/5
  1541 | D:1      | Reached XP level 3. HP: 10/14 MP: 1/8
  1646 | D:1      | Learned a level 3 spell: Stone Arrow
  2116 | D:2      | Found an ancient bone altar of Kikubaaqudgha.
  2156 | D:2      | Noticed a human
  2158 | D:2      | Killed a human
  2338 | D:2      | Reached skill level 4 in Earth Magic
  2338 | D:2      | Reached XP level 4. HP: 16/18 MP: 6/11
  2342 | D:2      | Learned a level 2 spell: Stoneskin
  3286 | D:3      | Reached XP level 5. HP: 19/21 MP: 2/12
  3412 | D:3      | Reached skill level 5 in Earth Magic
  4176 | D:3      | Reached skill level 1 in Conjurations
  4176 | D:3      | Gained mutation: You are covered in thick fur (AC +2). [growing up]
  4176 | D:3      | Gained mutation: You can jump attack at a medium distance. [growing up]
  4176 | D:3      | Reached XP level 6. HP: 24/24 MP: 0/15
  4648 | D:3      | Reached skill level 6 in Earth Magic
  4851 | D:4      | Learned a level 3 spell: Passwall
  5083 | D:4      | Noticed stonage's ghost (average GrFi)
  5087 | D:4      | Reached XP level 7. HP: 27/27 MP: 0/17
  5781 | D:4      | Found a bloodstained altar of Trog.
  5921 | D:4      | Reached skill level 7 in Earth Magic
  6272 | D:4      | Killed stonage's ghost
  6838 | D:4      | Found a shattered altar of Ashenzari.
  6838 | D:4      | Found a burning altar of Makhleb.
  6927 | D:5      | Entered Level 5 of the Dungeon
  6947 | D:5      | Noticed Blork the orc
  7197 | D:5      | Reached XP level 8. HP: 31/31 MP: 1/20
  7336 | D:5      | Killed Blork the orc
  7646 | D:5      | Reached skill level 8 in Earth Magic
  7863 | D:5      | Noticed a deep elf fighter
  7873 | D:5      | Killed a deep elf fighter
  8198 | D:5      | Noticed a deep elf fighter
  8203 | D:5      | Noticed Eustachio
  8223 | D:5      | Reached skill level 5 in Spellcasting
  8336 | D:5      | Killed Eustachio
  8337 | D:5      | Killed a deep elf fighter
  8337 | D:5      | Reached skill level 9 in Earth Magic
  8344 | D:5      | Learned a level 5 spell: Lee's Rapid Deconstruction
  8989 | D:6      | Reached XP level 9. HP: 34/34 MP: 13/24
  9087 | D:6      | Noticed Ijyb
  9092 | D:6      | Killed Ijyb
  9120 | D:6      | Reached skill level 1 in Fighting
  9122 | D:6      | Reached skill level 1 in Unarmed Combat
  9197 | D:6      | Found a shimmering altar of Xom.
  9215 | D:6      | Noticed a moth of wrath
  9218 | D:6      | Found a bloodstained altar of Trog.
  9222 | D:6      | Killed a moth of wrath
  9412 | D:6      | Found a staircase to the Ecumenical Temple.
  9420 | D:6      | Noticed mess' ghost (experienced GrBe)
  9521 | Temple   | Entered the Ecumenical Temple
  9610 | Temple   | Became a worshipper of Vehumet
  9704 | D:5      | Killed from afar by an orc priest
  9705 | D:5      | Reached XP level 8. HP: 0/33 MP: 20/24
 10369 | D:7      | Found Toemohe Tets' Weapon Emporium.
 10530 | D:7      | Found Trokk's Antique Armour Shoppe.
 10569 | D:7      | Found Qauta's General Store.
 10915 | D:7      | Reached skill level 10 in Earth Magic
 10915 | D:7      | Reached XP level 9. HP: 22/36 MP: 3/26
 11085 | D:7      | Found a white marble altar of Elyvilon.
 11157 | D:7      | Found Efostroat's Jewellery Emporium.
 11167 | D:7      | Acquired Vehumet's first power
 11167 | D:7      | Offered knowledge of Shock by Vehumet.
 11175 | D:7      | Found Kha Muet's Weapon Emporium.
 11304 | D:7      | Learned a level 1 spell: Shock
 12523 | D:8      | Noticed Pikel
 12557 | D:8      | Pikel (ally) was killed
 12565 | D:8      | Noticed Grum
 12576 | D:8      | Killed Grum
 12593 | D:8      | Found a staircase to the Lair.
 12940 | D:8      | Reached XP level 10. HP: 40/40 MP: 18/28
 13424 | D:9      | Offered knowledge of Throw Frost by Vehumet.
 13477 | D:9      | Reached skill level 11 in Earth Magic
 13495 | D:9      | Slain by a yak
 13496 | D:9      | Reached XP level 9. HP: -1/37 MP: 16/27
 14538 | D:9      | Found a glowing silver altar of Zin.
 14550 | D:9      | Found an ancient bone altar of Kikubaaqudgha.
 14595 | D:9      | Reached skill level 1 in Evocations
 14664 | D:10     | Entered Level 10 of the Dungeon
 14820 | D:10     | Reached XP level 10. HP: 40/42 MP: 5/29
 15005 | D:10     | Noticed a hill giant
 15023 | D:10     | Killed a hill giant
 15269 | D:10     | Found a staircase to the Orcish Mines.
 15456 | D:10     | Offered knowledge of Static Discharge by Vehumet.
 15690 | Orc:1    | Entered Level 1 of the Orcish Mines
 15703 | Orc:1    | Found Guemnuse's Weapon Shoppe.
 15722 | D:10     | HP: 2/42 [warg (14)]
 15731 | D:10     | Killed from afar by an orc priest
 15732 | D:10     | Reached XP level 9. HP: -2/39 MP: 18/28
 15734 | D:10     | Acquired Vehumet's second power
 16399 | Orc:1    | Found a frozen archway.
 16411 | IceCv    | Entered an ice cave
 16532 | Orc:1    | Slain by a blue devil

Action                   |  1- 3 |  4- 6 |  7- 9 | 10-12 || total
-------------------------+-------+-------+-------+-------++-------
Melee: Unarmed           |     8 |    26 |     5 |       ||    39
 Cast: Sandblast         |    75 |    31 |   124 |    17 ||   247
       Stone Arrow       |     1 |    55 |   245 |    42 ||   343
       Stoneskin         |       |       |    18 |     1 ||    19
       Lee's Rapid Decon |       |       |    39 |    12 ||    51
Evoke: Wand              |       |       |    17 |     2 ||    19
       Stone of tremors  |       |       |     1 |       ||     1
  Use: Scroll            |     1 |     2 |     9 |     3 ||    15
       Potion            |       |       |     7 |     1 ||     8
  Eat: Chunk             |    11 |    10 |    39 |     7 ||    67
